 Dungeon Crawl Stone Soup version 0.30-a0-149-g7f746667c4 (webtiles) character file.

Game seed: 13223588619913413517

1171 Sobieck the Covert (level 8, -3/39 HPs)
             Began as a Vine Stalker Brigand on Sept 26, 2022.
             Was a Follower of Uskayaw.
             Slain by Crazy Yiuf
             ... wielding a +4 quarterstaff of chaos
              (8 damage)
             ... on level 5 of the Dungeon.
             The game lasted 00:10:05 (4261 turns).

Sobieck the Covert (Vine Stalker Brigand)           Turns: 4261, Time: 00:10:06

Health: -3/39      AC: 10    Str: 13    XL:     8   Next: 41%
Magic:  0/9        EV: 13    Int: 11    God:    Uskayaw [*.....]
Gold:   89         SH:  0    Dex: 19    Spells: 7/7 levels left

rFire   . . .      SeeInvis .    w - +2 hand axe (elec) {axe}
rCold   + . .      Faith    +    (no shield)
rNeg    . . .      Spirit   +    p - +2 robe {rC+}
rPois   .          Reflect  .    E - +2 helmet
rElec   .          Harm     .    c - +1 cloak
rCorr   .          Rampage  .    H - +0 pair of gloves
Will    +....                    (no boots)
Stlth   +++++.....               o - amulet of faith {!P}
HPRegen 0.93/turn                (no ring)
MPRegen 0.11/turn                (no ring)

@: no status effects
A: fangs 3, regeneration 1, magic shield, antimagic bite, no potion heal 2
a: Renounce Religion, Stomp


You were on level 5 of the Dungeon.
You worshipped Uskayaw.
Uskayaw was noncommittal.
You visited 2 branches of the dungeon, and saw 6 of its levels.
You also visited: Sewer.

You collected 179 gold pieces.
You spent 90 gold pieces at shops.


Innate Abilities, Weirdness & Mutations

You have razor-sharp teeth.
Your natural rate of healing is unusually fast.
When hurt, damage is shared between your health and your magic reserves.
Your bite disrupts and absorbs the magic of your enemies.
Potions cannot restore your health.


   Skills:
 - Level 2.0 Fighting
 + Level 4.2 Short Blades
 - Level 1.7 Throwing
 - Level 3.0 Dodging
 + Level 11.3 Stealth


You had 7 spell levels left.
You didn't know any spells.
Your spell library contained the following spells:

 Spells                   Type           Power      Damage    Failure   Level
 Freeze                   Ice            0%         1d3       34%         1
 Sublimation of Blood     Necr           0%         N/A       47%         2
 Wereblood                Tmut           0%         N/A       47%         2
 Frozen Ramparts          Ice            0%         1d1       71%         3
 Hailstorm                Conj/Ice       0%         3d3       98%         4
 Summon Hydra             Summ           0%         N/A       100%        7

Inventory:

Hand Weapons
 a - a +3 dagger {short}
 j - a +0 short sword {short}
   (You found it on level 1 of the Dungeon)
 u - a +0 hand axe of electrocution {axe}
   (You found it on level 2 of the Dungeon)
 w - a +2 hand axe of electrocution (weapon) {axe}
   (You found it on level 2 of the Dungeon)
 K - a +0 short sword {short}
   (You took it off an orc priest on level 3 of the Dungeon)
 L - a +0 short sword of holy wrath {short}
   (You took it off an orc on level 3 of the Dungeon)
Missiles
 d - 19 poisoned darts (quivered) {throwing}
 e - 7 curare-tipped darts {=fthrowing}
 f - 35 stones {throwing}
Armour
 b - a +0 robe
 c - a +1 cloak (worn)
 h - the +1 chain mail of Sif Muna's Regard {rC+}
   (You found it on level 4 of the Dungeon)

   rC:        It protects you from cold.
 m - a +0 leather armour
   (You found it on level 1 of the Dungeon)
 p - a +2 robe of cold resistance (worn)
   (You found it on level 1 of the Dungeon)
 s - a +0 leather armour
   (You found it on level 1 of the Dungeon)
 x - a +0 robe
   (You found it on level 2 of the Dungeon)
 y - a +0 leather armour
   (You found it on level 2 of the Dungeon)
 A - a +0 robe
   (You found it on level 2 of the Dungeon)
 B - a +0 scale mail of poison resistance
   (You took it off an orc on level 3 of the Dungeon)
 D - a +0 animal skin
   (You took it off Robin on level 2 of the Dungeon)
 E - a +2 helmet (worn)
   (You took it off Robin on level 2 of the Dungeon)
 F - a +0 leather armour
   (You found it on level 3 of the Dungeon)
 H - a +0 pair of gloves (worn)
   (You found it on level 5 of the Dungeon)
 I - a +0 ring mail
   (You took it off an orc priest on level 3 of the Dungeon)
 J - a +0 ring mail
   (You took it off an orc on level 3 of the Dungeon)
 Q - a +0 leather armour
   (You found it on level 3 of the Dungeon)
 R - a +0 chain mail
   (You took it off an orc on level 3 of the Dungeon)
 T - a +0 ring mail
   (You found it on level 4 of the Dungeon)
 V - a +0 ring mail
   (You found it on level 5 of the Dungeon)
 Y - a +0 robe
   (You found it on level 5 of the Dungeon)
Jewellery
 g - a ring of ice
   (You found it on level 4 of the Dungeon)
 o - an amulet of faith (around neck) {!P}
   (You found it on level 1 of the Dungeon)
 v - an amulet of reflection
   (You found it on level 2 of the Dungeon)
 G - an amulet of the acrobat
   (You found it on level 3 of the Dungeon)
Wands
 X - a wand of roots (8)
   (You found it on level 5 of the Dungeon)
Scrolls
 q - a scroll of noise {!r}
 t - 3 scrolls of magic mapping {!r}
 M - a scroll of teleportation {@r4}
 W - 2 scrolls of identify {@r1}
Potions
 i - a potion of resistance {unknown}
 k - 3 potions of attraction {!q}
 l - 4 potions of curing {@q1}
 n - 2 potions of cancellation {unknown}
 r - 3 potions of mutation {!q}
 C - 3 potions of lignification {!q}
 N - a potion of invisibility {unknown}
 P - a potion of heal wounds {unknown}
 S - a potion of haste {unknown}
 U - a potion of brilliance {unknown}

Dungeon Overview and Level Annotations

Branches:
Dungeon (5/15) Zot: 25839  Temple (1/1) D:5 Zot: 5926   Sewer (visited)

Altars:
Ashenzari
Cheibriados
Dithmenos
Fedhas
Gozag
Kikubaaqudgha
Nemelex Xobeh
Qazlal
Ru
Trog
Uskayaw
Vehumet
Yredelemnul
Zin

Annotations:
D:5 Crazy Yiuf

#.......#
#..##.#..######.##
#####.######........#
#.#
#.......##.###.#.##
#.# #.#.######## #####
##'## #.#.# ##...##
##.### ##.....# #
##..### ####
♣♣###.......
####.....# #bbb#♣♣
♣♣..+........
+........#
#bbbg@♣♣♣♣............
####.<.#.#
#bbb#♣bb♣.............
# ##.##.# ####
♣♣♣b♣...+........
###..# ♣♣♣♣♣####.....#
#..# ##...## #..# ###
### ##'## #..###.# #.#
#.# #......# #.# #.#
#.###### #.# ##.##


You could see Crazy Yiuf (ally target).


Message History

No target in view!
No target in view!
A white imp comes into view.
Danger!
The helpless white imp fails to defend itself.
You hit the white imp but do no damage.
You bite the white imp, but do no damage.
The white imp gestures at you. The puff of frost hits you. You resist.
You closely miss the white imp. You bite the white imp.
The white imp's magic leaks into the air.
You drain its magic.
You feel invigorated.
The white imp hits you but does no damage.
The white imp hits you. The white imp freezes you. You resist.
You hit the white imp.
You bite the white imp, but do no damage.
The white imp hits you but does no damage.
You hit the white imp.
Lightning courses through the white imp!!
You kill the white imp!
You can now pass through a line of other dancers.
You see here an adder corpse.
You open the door.
There is an open door here.
X - a wand of roots (8) Unknown command.
You open the door.
There is an open door here.
There is an escape hatch in the ceiling here.
f - 35 stones {throwing} (gained 2)
A worm comes into view.
Danger!
You hit the worm. Your bite misses the worm. The worm barely misses you.
You barely miss the worm. The worm bites you.
You barely miss the worm. Your bite misses the worm. The worm bites you.
You hit the worm but do no damage. Lightning courses through the worm!
You bite the worm. You drain its power.
You feel invigorated.
You barely miss the worm. The worm bites you!
You hit the worm.
You kill the worm!
No target in view!
Unknown command.
You open the door.
There is an open door here.
There is an open door here.
Y - a +0 robe As you open the door, it creaks loudly!
Unknown command.
There is an open door here.
There is a stone staircase leading up here.
There is an open door here.
Unknown command.
Unknown command.
Unknown command.
You open the door.
Danger!
Unknown command.
Your +2 hand axe of electrocution {axe} stops crackling.
a - a +3 dagger (weapon)
{short} Crazy Yiuf shouts!
Crazy Yiuf screams, "Tosser!"
Unknown command.
You hear the crackle of electricity.
w - a +2 hand axe of electrocution (weapon)
{axe} Unknown command.
Unknown command.
There is an open translucent door here.
Unknown command.
You hit Crazy Yiuf.
Crazy Yiuf hits you with a +4 quarterstaff of chaos!
You resist with almost no effort.
Unknown command.
You hit Crazy Yiuf but do no damage. You bite Crazy Yiuf. You drain his power.
You feel invigorated.
Crazy Yiuf hits you with a +4 quarterstaff of chaos.
Crazy Yiuf burns you.
Crazy Yiuf hits you with a +4 quarterstaff of chaos.
Crazy Yiuf burns you.
Unknown command.
You barely miss Crazy Yiuf. You bite Crazy Yiuf, but do no damage.
Crazy Yiuf hits you with a +4 quarterstaff of chaos!
* * * LOW HITPOINT WARNING * * *
You are electrocuted!
* * * LOW HITPOINT WARNING * * *
Unknown command.
Okay, then.
Unknown command.
Really quaff
C - 3 potions of lignification {!q}?
Really quaff the potion of lignification?
Okay, then.
Okay, then.
As you read the scroll labelled VUTOFF DUOTH, it crumbles to dust.
It is a scroll of enchant armour.
Your +0 cloak glows green for a moment.
Crazy Yiuf closely misses you. Crazy Yiuf attacks as you move away!
Crazy Yiuf barely misses you.
As you read the scroll of butterflies, it crumbles to dust.
You hear the tinkle of a tiny bell.
Crazy Yiuf cries, "Mugger leg eyeball!"
Crazy Yiuf hits you with a +4 quarterstaff of chaos!
You die...

Skill      XL: |  1  2  3  4  5  6  7  8 |
---------------+-------------------------+-----
Short Blades   | 2 3 4 |  4.2
Stealth        | 5 6 7 8 10 11 | 11.3
Dodging        | 1 2 3 |  3.0
Fighting       | 2 |  2.0
Throwing       | |  1.7

Action                   |  1- 3 |  4- 6 |  7- 9 || total
-------------------------+-------+-------+-------++-------
Melee: Dagger            |    43 |       |    12 ||    55
       Bite              |    20 |    38 |    16 ||    74
       Hand axe          |    48 |   163 |    48 ||   259
       Punch             |       |     1 |       ||     1
  Use: Scroll            |       |    10 |     2 ||    12
 Stab: Sleeping          |    13 |    10 |     6 ||    29
       Distracted        |       |     2 |       ||     2
       Paralysed         |       |       |     1 ||     1
Armor: Robe              |    33 |    66 |    31 ||   130
Dodge: Dodged            |    48 |    85 |    54 ||   187
Block: Other             |    11 |    45 |       ||    56

Levels and vault maps discovered:
D:1:      lightli_arrival_boilingwater, layout_loops_ring, solitary_fountain
D:2:      layout_basic, minmay_split_cup_large, uniq_robin
D:3:      layout_rooms, nicolae_dithmenos_the_darkroom,
          ebering_ecumenical_altar_abandoned, gup_sewer_entry_glass
D:4:      layout_cave_pools, grunt_temple_overflow_cloverleaf,
          gammafunk_temple_overflow_forgotten, chequers_serial_rivers_large_a
D:5:      layout_loops_corners, zin_purify, minmay_temple_entry_large_hall,
          minmay_stone_trees_medium, uniq_menkaure, uniq_crazy_yiuf_cottage
Temple:   nicolae_temple_great_sept

Notes
Turn   | Place    | Note
-------+----------+-------------------------------------------
     0 | D:1      | Sobieck the Vine Stalker Brigand began the quest for the
                  | Orb.
     0 | D:1      | Reached XP level 1. HP: 11/11 MP: 2/2
    36 | D:1      | Reached skill level 2 in Short Blades
    36 | D:1      | Reached skill level 5 in Stealth
    46 | D:1      | Reached XP level 2. HP: 12/15 MP: 3/3
   849 | D:2      | Reached skill level 6 in Stealth
   849 | D:2      | Reached XP level 3. HP: 18/18 MP: 4/4
  1210 | D:2      | You pick up a book of Blood and begin reading...
  1210 | D:2      | You add the spells Sublimation of Blood, Wereblood and
                  | Summon Hydra to your library.
  1506 | D:2      | Gained mutation: Your natural rate of healing is unusually
                  | fast. [Vine Stalker growth]
  1506 | D:2      | Reached XP level 4. HP: 23/23 MP: 5/5
  1526 | D:2      | Noticed Robin
  1526 | D:2      | You fall into a shaft and drop 1 floor!
  1630 | D:2      | Reached skill level 7 in Stealth
  1662 | D:2      | Killed Robin
  1771 | D:3      | Found a faded altar of an unknown god.
  1804 | D:3      | You pick up a book of Frost and begin reading...
  1804 | D:3      | You add the spells Freeze, Frozen Ramparts and Hailstorm to
                  | your library.
  1855 | D:3      | Found a glowing drain.
  1877 | D:3      | Reached XP level 5. HP: 20/26 MP: 2/6
  1898 | D:3      | Reached skill level 8 in Stealth
  1912 | Sewer    | Entered a sewer
  2045 | D:3      | Found a shadowy altar of Dithmenos.
  2056 | D:3      | Reached XP level 6. HP: 24/30 MP: 7/7
  2255 | D:3      | Reached skill level 9 in Stealth
  2459 | D:4      | Found a stormy altar of Qazlal.
  2463 | D:4      | Found a bloodstained altar of Trog.
  2466 | D:4      | Found a sacrificial altar of Ru.
  2469 | D:4      | Found a snail-covered altar of Cheibriados.
  2531 | D:4      | Found an opulent altar of Gozag.
  2533 | D:4      | Found a basalt altar of Yredelemnul.
  2535 | D:4      | Found a broken altar of Ashenzari.
  2566 | D:4      | Identified the +1 chain mail of Sif Muna's Regard {rC+}
  2659 | D:4      | Reached skill level 10 in Stealth
  2659 | D:4      | Reached skill level 1 in Dodging
  3062 | D:5      | Entered Level 5 of the Dungeon
  3181 | D:5      | Reached skill level 2 in Fighting
  3181 | D:5      | Reached XP level 7. HP: 35/35 MP: 8/8
  3199 | D:5      | Found a staircase to the Ecumenical Temple.
  3210 | Temple   | Entered the Ecumenical Temple
  3262 | Temple   | Became a worshipper of Uskayaw the Reveller
  3286 | D:5      | Reached * piety under Uskayaw
  3328 | D:5      | Reached ** piety under Uskayaw
  3500 | D:5      | Noticed a wyvern
  3510 | D:5      | Killed a wyvern
  3511 | D:5      | Reached skill level 3 in Short Blades
  3511 | D:5      | Reached skill level 2 in Dodging
  3559 | D:5      | Noticed Menkaure
  3562 | D:5      | Killed Menkaure
  3563 | D:5      | Gained mutation: You have razor-sharp teeth. [Vine Stalker
                  | growth]
  3563 | D:5      | Reached XP level 8. HP: 39/39 MP: 9/9
  3623 | D:5      | Found a glowing silver altar of Zin.
  3623 | D:5      | Found Zin's Purification Station.
  3648 | D:5      | Reached *** piety under Uskayaw
  3650 | D:5      | Reached **** piety under Uskayaw
  3653 | D:5      | Reached ***** piety under Uskayaw
  3654 | D:5      | Reached skill level 3 in Dodging
  3654 | D:5      | Reached skill level 11 in Stealth
  3661 | D:5      | Reached skill level 4 in Short Blades
  3782 | D:5      | Bought a potion of curing for 90 gold pieces
  4248 | D:5      | Found a runed translucent door.
  4249 | D:5      | Noticed Crazy Yiuf
  4258 | D:5      | HP: 2/39 [Crazy Yiuf/+4 quarterstaff of chaos (13)]
  4261 | D:5      | Slain by Crazy Yiuf

Vanquished Creatures
  A wyvern (D:5)
  Menkaure (D:5)
  A centaur (D:5)
  2 necrophages
  3 scorpions (D:5)
  A howler monkey (D:5)
  A jelly (D:5)
  3 hounds
  An orc priest (D:3)
  2 iguanas (D:4)
  A hell rat (Sewer)
  Robin (D:2)
  10 adders
  3 river rats (Sewer)
  A white imp (D:5)
  An ufetubus (D:5)
  3 worms
  2 dart slugs
  10 orcs
  7 endoplasms
  10 giant cockroaches
  20 goblins
  9 hobgoblins
  3 jackals
  2 quokkas (D:4)
  6 ball pythons
  6 bats
  3 frilled lizards
  8 kobolds
  4 rats
126 creatures vanquished.

Vanquished Creatures (others)
  A plant (D:4)
1 creature vanquished.

Grand Total: 127 creatures vanquished

Table legend:
 A = Non-vault XP
 B = Vault XP
 C = Vault XP percentage of total XP
 D = Non-vault monster count
 E = Vault monster count
 F = Vault count percentage of total count
                 A         B        C        D         E       F
            +---------+---------+-------+---------+---------+-------
      Total |    1342 |     331 |  19.8 |      95 |      31 |  24.6
            +---------+---------+-------+---------+---------+-------
        D:1 |      27 |       0 |   0.0 |      15 |       0 |   0.0
        D:2 |      47 |      49 |  51.0 |      19 |      17 |  47.2
        D:3 |     142 |      34 |  19.3 |      24 |       6 |  20.0
        D:4 |     230 |       0 |   0.0 |      19 |       0 |   0.0
        D:5 |     896 |     172 |  16.1 |      18 |       1 |   5.3
      Sewer |       0 |      76 | 100.0 |       0 |       7 | 100.0
            +---------+---------+-------+---------+---------+-------

Illustrated notes

Table legend:
 A = Kills in this place as a percentage of kills in entire the game.
 B = Kills by you in this place as a percentage of kills by you in the entire game.
 C = Kills by friends in this place as a percentage of kills by friends in the entire game.
 D = Other kills in this place as a percentage of other kills in the entire game.
 E = Experience gained in this place as a percentage of experience gained in the entire game.
 F = Experience gained in this place divided by the number of levels of this place that you have seen.
                   A       B       C       D       E      F
               +-------+-------+-------+-------+-------+----------------------
         Total | 100.0 | 100.0 |   N/A |   N/A | 100.0 | 239.0
       Dungeon |  94.4 |  94.4 |   N/A |   N/A |  95.5 | 319.4
         Sewer |   5.6 |   5.6 |   N/A |   N/A |   4.5 |  76.0
               +-------+-------+-------+-------+-------+----------------------

Table legend: (Time is in decaauts)
 A = Elapsed time spent in this place.
 B = Non-inter-level travel time spent in this place.
 C = Inter-level travel time spent in this place.
 D = Time resting spent in this place.
 E = Time spent auto-exploring this place.
 F = Levels seen in this place.
 G = Mean time per level.
                   A        B        C        D        E       F      G
               +--------+--------+--------+--------+--------+-----+--------+
         Total |   4360 |   4263 |     97 |    276 |   2950 |   7 |  622.9 |
       Dungeon |   4159 |   4073 |     86 |    264 |   2901 |   5 |  831.8 |
        Temple |     73 |     62 |     11 |      0 |     40 |   1 |   73.0 |
         Sewer |    127 |    127 |      0 |     12 |      8 |   1 |  127.0 |
               +--------+--------+--------+--------+--------+-----+--------+

Top non-repeatable levels by time:
     D:5: 1137 daAuts
     D:2: 1007 daAuts
     D:1: 744 daAuts
     D:4: 695 daAuts
     D:3: 574 daAuts
   Sewer: 127 daAuts
  Temple: 73 daAuts
